AoeStats
← [KMNB] Bandeira

Arabia

507456768Analyzed
2v2 RM · 15d ago on Sep 18, 2026· 34m 56s· 4 players
Game mode
Random Map
Map size
Medium (4 player)
Population
200
Speed
Normal
Resources
Standard
Victory
Conquest
Starting age
Dark Age
Ending age
Imperial Age
RankedLock teamsTeams togetherTeam positionsShared explorationLock speedFull tech treeHidden civsTurbo modeCheats
Victory
Defeat
🇭🇰 Inca · Hong Kong SAR China
1510
+13
🇨🇳 Magyars · China
1446
+16
🇧🇷 Magyars · Brazil
1491
-16
🇧🇷 Britons · Brazil
1413
-13
[KMNB] Dedão
7:09 Loom
9:11 Feudal Age
10:08 Double-Bit Axe
15:55 Fletching
17:44 Padded Archer Armor
23:35 Castle Age
22:29 Gold Mining
23:37 Crossbowman
24:27 Bodkin Arrow
24:46 Bow Saw
26:40 Wheelbarrow
27:18 Ballistics
26:51 Horse Collar
28:01 Leather Archer Armor
[KMNB] Bandeira
7:33 Loom
9:48 Feudal Age
10:28 Double-Bit Axe
19:46 Scale Barding Armor
19:50 Horse Collar
21:29 Wheelbarrow
26:02 Castle Age
29:58 Chain Barding Armor
30:21 Bloodlines
th0m45
6:46 Loom
9:19 Feudal Age
9:45 Champi Runner
10:30 Double-Bit Axe
14:16 Scale Mail Armor
17:53 Forging
20:39 Arson
25:10 Castle Age
23:23 Horse Collar
25:21 Champi Warrior
26:04 Squires
26:23 Chain Mail Armor
30:45 Wheelbarrow
Fsee
6:45 Loom
8:59 Feudal Age
9:30 Double-Bit Axe
22:19 Padded Archer Armor
29:27 Castle Age
27:58 Scale Barding Armor
29:00 Bloodlines
28:36 Horse Collar
29:38 Light Cavalry
31:05 Chain Barding Armor
31:20 Husbandry
31:28 Husbandry
Connection lost

Rejoining the realm…

Still unreachable

The connection could not be restored.

Session expired

The server has moved on; the page needs a fresh start.